 Dungeon Sprint DCSS version 0.20-a0-920-gb18bc0f (webtiles) character file.

1657 seren the Fighter (level 8, -1/83 HPs)
             Began as a Minotaur Fighter on Mar 25, 2017.
             Was the Champion of Jiyva.
             Slain by a deep troll (13 damage)
             ... while paralysed by a hornet
             ... in the Dungeon (Sprint I: "Red Sonja").
             The game lasted 00:04:38 (699 turns).

seren the Fighter (Minotaur Fighter)                 Turns: 699, Time: 00:04:39

Health: -1/83      AC:  9    Str: 21    XL:     8   Next: 68%
Magic:  7/7        EV:  2    Int:  5    God:    Jiyva [******]
Gold:   259        SH:  0    Dex: 14    Spells: 7/7 levels left

rFire    . . .     SeeInvis .   a - +0 long sword
rCold    . . .     Gourm    .   c - +0 shield
rNeg     . . .     Faith    .   b - +0 scale mail
rPois    .         Spirit   .   (helmet restricted)
rElec    .         Reflect  .   (no cloak)
rCorr    +         Harm     .   (no gloves)
MR       .....     NoTele   +   (no boots)
Stlth    ..........             (no amulet)
Regen    0.3/turn               (no ring)
MPRegen  0.1/turn               (no ring)

@: paralysed, lethally poisoned (-1 -> -2), very slightly contaminated, slowed,
invisible
A: retaliatory headbutt, horns 2, talons 1, agile 1, jelly absorbing missiles
a: Request Jelly, Slimify, Cure Bad Mutation, Renounce Religion


You were in the Dungeon.
You worshipped Jiyva.
Jiyva was exalted by your worship.
You were completely stuffed.

You visited 1 branch You collected 419 gold pieces.
You spent 160 gold pieces at shops.

Inventory:

Hand Weapons
 a - a +0 long sword (weapon)
Armour
 b - a +0 scale mail (worn)
 c - a +0 shield (worn)
Scrolls
 k - a scroll of blinking
Potions
 d - a potion of might
 e - 2 potions of curing
 g - 2 potions of heal wounds
 h - a potion of haste
 i - 2 potions of magic
 j - a potion of berserk rage
 l - a potion of brilliance {unknown}
Comestibles
 f - a bread ration


   Skills:
 + Level 12.0 Fighting
 + Level 11.8 Long Blades
 + Level 12.0 Armour
 + Level 12.0 Shields


You had 7 spell levels left.
You didn't know any spells.

Dungeon Overview and Level Annotations

Branches:
Dungeon (1/1)

Altars:
Cheibriados
Dithmenos
Elyvilon
Fedhas
Gozag
Hepliaklqana
Kikubaaqudgha
Makhleb
Nemelex Xobeh
Okawaru
Qazlal
Ru
Sif Muna
Trog
Uskayaw
Vehumet
Wu Jian
Xom
Yredelemnul
Zin
The Shining One
Jiyva
Lugonu

Shops:
D !


Innate Abilities, Weirdness & Mutations

You reflexively headbutt those who attack you in melee.
You have a pair of horns on your head.
You have sharp toenails.
You are agile. (Dex +2)
You have a small jelly attached to you that may absorb incoming projectiles.


Message History

* * * LOW HITPOINT WARNING * * *
You hear a distant slurping noise.
You are very lightly contaminated with residual magic.
You block the hornet's attack.
The jelly hits the deep troll but does no damage.
You block the hornet's attack.
You hear a distant slurping noise.
Jiyva will now unseal the treasures of the Slime Pits.
You feel a little less hungry.
You feel better.
You hear a distant slurping noise.
You hear a squelching noise.
The hornet barely misses you. You furiously retaliate!
You headbutt the hornet. You closely miss the hornet.
You claw the hornet, but do no damage.
The hornet is severely wounded.
You feel sick. The hornet stings you!
* * * LOW HITPOINT WARNING * * *
You suddenly lose the ability to move!
The deep troll completely misses you. The deep troll claws you.
* * * LOW HITPOINT WARNING * * *
The deep troll claws you!
You die...

###############
..#..'..#__#..+
..').#..'..'..#
#'#####'#__####
..#...#.####§.####
###..##.#≈≈≈§§#$$#
__##'#_..§§§§§Jy@#
...'..._#§§§.§#T$#
__##_.#.##§#####+#
__###.#.#.... ###
# ####.### .T ##


You could see a deep troll, a hornet and a neutral jelly (fellow slime).

Vanquished Creatures
  2 centaur warriors (D)
  A slime creature (D)
  Sigmund (D)
  A yak (D)
  An ogre (D)
  A jelly (D)
  Ijyb (D)
8 creatures vanquished.

Vanquished Creatures (others)
  6 shining eyes (D)
  4 floating eyes (D)
  5 jellies (D)
15 creatures vanquished.

Grand Total: 23 creatures vanquished

Notes
Turn   | Place    | Note
-------+----------+-------------------------------------------
     0 | D        | seren the Minotaur Fighter began the quest for the Orb.
     0 | D        | Reached XP level 1. HP: 19/19 MP: 0/0
     2 | D        | Noticed Ijyb
    24 | D        | Killed Ijyb
    24 | D        | Reached skill level 5 in Fighting
    24 | D        | Reached skill level 5 in Shields
    24 | D        | Reached XP level 2. HP: 27/29 MP: 1/1
    43 | D        | Noticed an ogre
    48 | D        | Killed an ogre
    48 | D        | Reached XP level 3. HP: 38/38 MP: 2/2
    48 | D        | Reached XP level 4. HP: 45/45 MP: 3/3
    62 | D        | Noticed Sigmund
    68 | D        | Killed Sigmund
    68 | D        | Reached XP level 5. HP: 47/55 MP: 4/4
    68 | D        | Reached XP level 6. HP: 53/62 MP: 5/5
   185 | D        | Found a burning altar of Makhleb.
   185 | D        | Found a viscous altar of Jiyva.
   185 | D        | Found a shimmering altar of Xom.
   185 | D        | Found a corrupted altar of Lugonu.
   185 | D        | Noticed a slime creature
   196 | D        | Killed a slime creature
   305 | D        | Found an ornate altar of the Wu Jian Council.
   305 | D        | Found a deep blue altar of Sif Muna.
   313 | D        | Found a radiant altar of Vehumet.
   358 | D        | Became a worshipper of Jiyva Jagec the Shapeless
   385 | D        | Found Qeobri Qocoa's Distillery.
   385 | D        | Found an ancient bone altar of Kikubaaqudgha.
   385 | D        | Found a hazy altar of Hepliaklqana.
   385 | D        | Found a stormy altar of Qazlal.
   385 | D        | Found a hide-covered altar of Uskayaw.
   385 | D        | Found a blossoming altar of Fedhas.
   385 | D        | Found a bloodstained altar of Trog.
   385 | D        | Found an iron altar of Okawaru.
   385 | D        | Found a basalt altar of Yredelemnul.
   385 | D        | Found a glowing golden altar of the Shining One.
   385 | D        | Found a snail-covered altar of Cheibriados.
   385 | D        | Found a sacrificial altar of Ru.
   385 | D        | Found a glowing silver altar of Zin.
   385 | D        | Found a shadowy altar of Dithmenos.
   385 | D        | Found a white marble altar of Elyvilon.
   385 | D        | Noticed a yak
   399 | D        | Killed a yak
   399 | D        | Reached skill level 10 in Fighting
   399 | D        | Reached skill level 10 in Armour
   399 | D        | Reached skill level 10 in Shields
   399 | D        | Reached XP level 7. HP: 63/72 MP: 6/6
   400 | D        | Found an opulent altar of Gozag.
   401 | D        | Found a sparkling altar of Nemelex Xobeh.
   405 | D        | Bought a potion of heal wounds for 50 gold pieces
   405 | D        | Bought a potion of invisibility for 80 gold pieces
   405 | D        | Bought a potion of curing for 30 gold pieces
   410 | D        | Noticed a centaur warrior
   413 | D        | Noticed a centaur warrior
   420 | D        | Killed a centaur warrior
   420 | D        | Reached skill level 10 in Long Blades
   560 | D        | Killed a shining eye
   575 | D        | Killed a shining eye
   582 | D        | Killed a shining eye
   586 | D        | Killed a shining eye
   613 | D        | Reached * piety under Jiyva
   619 | D        | Reached ** piety under Jiyva
   629 | D        | Killed a shining eye
   633 | D        | Reached *** piety under Jiyva
   633 | D        | Gained mutation: You have sharp toenails. [Jiyva's grace]
   637 | D        | Killed a shining eye
   637 | D        | Reached **** piety under Jiyva
   637 | D        | Gained mutation: You are agile. (Dex +2) [Jiyva's grace]
   644 | D        | Gained mutation: You have a small jelly attached to you that may absorb incoming projectiles. [Jiyva's grace]
   644 | D        | Reached ***** piety under Jiyva
   645 | D        | Noticed a deep troll
   657 | D        | Killed a centaur warrior
   657 | D        | Reached XP level 8. HP: 47/83 MP: 7/7
   661 | D        | Gained mutation: Your muscles are strong. (Str +2) [Jiyva's grace]
   686 | D        | Noticed a hornet
   687 | D        | Lost mutation: Your muscles are strong. (Str +2) [Jiyva's grace]
   697 | D        | HP: 4/83 [deep troll (13)]
   698 | D        | Reached ****** piety under Jiyva
   699 | D        | Paralysed by a hornet for 3 turns
   699 | D        | Slain by a deep troll

Vault maps used:
D:        dungeon_sprint_1

Skill      XL: |  1  2  3  4  5  6  7 |
---------------+----------------------+-----
Fighting       | 5 6 8 10 12 | 12.0
Long Blades    | 4 6 7 9 11 | 11.8
Armour         | 4 6 8 10 12 | 12.0
Shields        | 5 6 8 10 12 | 12.0

Action                   |  1- 3 |  4- 6 |  7- 9 || total
-------------------------+-------+-------+-------++-------
Melee: Long sword        |    25 |    32 |    29 ||    86
       Headbutt          |     5 |    12 |     6 ||    23
       Kick              |       |       |    12 ||    12
  Use: Potion            |       |       |     1 ||     1
Armor: Scale mail        |     8 |     8 |     8 ||    24
Dodge: Dodged            |     3 |     4 |     7 ||    14
Block: Shield            |    11 |    13 |    26 ||    50
       Rpst.: Long sword |       |       |     1 ||     1
